[Event "Team 45 45 League T31"]
[Site "Internet Chess Club"]
[Date "2006.07.22"]
[Round "5"]
[White "thalamus"]
[Black "WilmaP"]
[Result "1-0"]
[WhiteElo "1157"]
[BlackElo "1088"]
[TimeControl "2700+45"]

1. e4 c5 2. f4 e6 3. Nc3 Nc6 4. Nf3 a6 5. a3 d6 6. Bc4 b5 7. Ba2 Nf6 8. d3 Qc7
9. O-O Be7 10. Qe2 O-O 11. Bd2 e5 12. f5 Bb7 13. Rac1 Qb6 14. Nd5 Nxd5 15. Bxd5
Nd4 16. Nxd4 cxd4 17. Ba2 Rad8 18. Rf3 Bf6 19. Rg3 d5 20. Bh6 Rfe8 21. Qg4 g6
22. Rf1 Rd6 23. Rgf3 Bg7 24. Bxg7 Kxg7 25. f6+ Kf8 26. Qh4 h5 27. Qg5 Ree6 28.
Qh6+ Ke8 29. Qh8+ Kd7 30. Bxd5 Bxd5 31. exd5 Rxd5 32. Qg7 Ke8 33. Qg8+ Kd7 34.
Qxf7+ Kd6 35. Qxg6 e4 36. dxe4 d3+ 37. Kh1 Rc5 38. Rxd3+ Kc7 39. c3 a5 40. Qh7+
Kc6 41. f7 Qb8 42. f8=Q Qxf8 43. Rxf8 Rxe4 44. Qxe4+ Kc7 45. Qe7+ Kc6 46. Rd6#
{Black checkmated} 1-0  aics%

[Event "Team 45 45 League T31"]
[Site "Internet Chess Club"]
[Date "2006.07.23"]
[Round "5"]
[White "stakastra"]
[Black "Bookkeeper"]
[Result "1-0"]
[WhiteElo "1560"]
[BlackElo "1487"]
[TimeControl "2700+45"]

1. e4 c5 2. Nc3 Nc6 3. Bc4 g6 4. Nge2 Nf6 5. O-O Bg7 6. d3 O-O 7. Bg5 h6 8. Be3
d6 9. h3 Ne5 10. Bb3 a6 11. f4 Nc6 12. a3 e6 13. d4 Na5 14. Ba2 c4 15. b4 cxb3
16. cxb3 b5 17. Rc1 Bb7 18. d5 exd5 19. Nxd5 Nxe4 20. Bb6 Qh4 21. Bxa5 Rac8 22.
Be1 Qh5 23. Ne7+ Kh7 24. Nxc8 Rxc8 25. Rxc8 Bxc8 26. Qd3 Nf6 27. Bb1 Bf5 28. Qd1
Bxh3 29. Rf3 Bg4 30. Ng3 Qc5+ 31. Bf2 Qxa3 32. Qc2 Bxf3 33. gxf3 Kg8 34. Kg2 Nd5
35. Ne4 Nxf4+ 36. Kg3 Be5 37. Kg4 h5+ 38. Kh4 d5 39. Bc5 b4 40. Bd6 Bxd6 41.
Nxd6 Qa5 42. Qc8+ Kg7 43. Qd7 Qc5 44. Qxf7+ Kh6 45. Qxf4+ {Black resigns} 1-0 
aics%

[Event "Team 45 45 League T31"]
[Site "Internet Chess Club"]
[Date "2006.07.22"]
[Round "5"]
[White "LIVVI"]
[Black "pflotus"]
[Result "1-0"]
[WhiteElo "1573"]
[BlackElo "1484"]
[TimeControl "2700+45"]

1. d4 Nf6 2. c4 Nc6 3. Nf3 e6 4. Bf4 Bb4+ 5. Nc3 O-O 6. Qc2 d6 7. Bd2 e5 8. d5
Ne7 9. e4 Bxc3 10. Bxc3 Bg4 11. Nd2 Nh5 12. h3 Bd7 13. Nf3 f5 14. Bd3 Nf4 15.
O-O-O fxe4 16. Bxe4 Bf5 17. g4 Bxe4 18. Qxe4 Neg6 19. h4 Ng2 20. Bd2 N2xh4 21.
Bg5 Rf4 22. Bxf4 Nxf3 23. Be3 Ng5 24. Qf5 Nf4 25. Bxf4 exf4 26. Rh5 Nf3 27.
Qxh7+ Kf7 28. Rf5+ {Black resigns} 1-0  aics%

[Event "Team 45 45 League T31"]
[Site "Internet Chess Club"]
[Date "2006.07.21"]
[Round "5"]
[White "Trixi"]
[Black "Pawndemonium"]
[Result "0-1"]
[WhiteElo "1427"]
[BlackElo "1573"]
[TimeControl "2700+45"]

1. e4 c5 2. Nf3 Nc6 3. d4 cxd4 4. Nxd4 g6 5. Nxc6 bxc6 6. e5 Qa5+ 7. Nc3 Qxe5+
8. Be2 Bg7 9. O-O Bb7 10. Be3 Nf6 11. f4 Qc7 12. Bd4 O-O 13. f5 Rab8 14. fxg6
fxg6 15. Bc4+ d5 16. Bd3 Bc8 17. Na4 Ng4 18. Rxf8+ Kxf8 19. Bxg7+ Kxg7 20. g3 a5
21. b3 Qa7+ 22. Kh1 Nf2+ 23. Kg2 Bh3+ 24. Kf3 Bg4+ 25. Kf4 Rf8+ 26. Ke5 Qc7+ 27.
Kd4 e5+ 28. Kc5 Nxd1 29. b4 axb4 30. Kxb4 Rb8+ 31. Kc5 Qe7+ 32. Kxc6 Ne3 33. Re1
Bd7+ 34. Kc7 Qd8+ 35. Kd6 Bxa4+ 36. Kxe5 Qf6# {White checkmated} 0-1  aics%

[Event "Team 45 45 League T31"]
[Site "Internet Chess Club"]
[Date "2006.07.23"]
[Round "5"]
[White "smitty120"]
[Black "Cotesita"]
[Result "1-0"]
[WhiteElo "1778"]
[BlackElo "1556"]
[TimeControl "2700+45"]

1. e4 c5 2. Nf3 Nc6 3. d4 cxd4 4. Nxd4 e6 5. Nc3 a6 6. Be3 Be7 7. Bc4 Qc7 8. O-O
Nf6 9. Be2 b5 10. a3 Bb7 11. Bd3 Rc8 12. Qd2 Ne5 13. f4 Nc4 14. Bxc4 Qxc4 15.
Qd3 b4 16. axb4 Bxb4 17. Qxc4 Rxc4 18. Ra4 d5 19. exd5 exd5 20. Na2 Bc5 21. Rxc4
dxc4 22. Nf5 Bxe3+ 23. Nxe3 O-O 24. Nc3 a5 25. Rd1 h6 26. Nxc4 Ra8 27. Nb6 Ra6
28. Rd8+ Kh7 29. Nd7 Kg6 30. Nc5 {Black resigns} 1-0  aics%

[Event "Team 45 45 League T31"]
[Site "Internet Chess Club"]
[Date "2006.07.27"]
[Round "5"]
[White "AntonioMendonca"]
[Black "BartL"]
[Result "1-0"]
[WhiteElo "1560"]
[BlackElo "1670"]
[TimeControl "2700+45"]

1. c4 e5 2. Nc3 Nf6 3. g3 Nc6 4. Bg2 g6 5. d3 Bg7 6. Nf3 O-O 7. O-O d5 8. cxd5
Nxd5 9. Nxe5 Nxc3 10. Nxc6 Nxd1 11. Nxd8 Nc3 12. bxc3 Bxc3 13. Rb1 Rxd8 14. Bxb7
Rb8 15. Bg5 Re8 16. Bxc8 Rbxc8 17. Rfc1 Bd4 18. e3 Bb6 19. Rc6 Re5 20. Bf6 Rc5
21. Rxc5 Bxc5 22. Rb7 Bb6 23. a4 a5 24. d4 Kf8 25. d5 Bc5 26. e4 Ke8 27. e5 Kd7
28. Rb5 Bb4 29. Kg2 h5 30. h4 Ra8 31. f4 Ra6 32. Kf3 Rb6 33. Rxb6 cxb6 34. g4
hxg4+ 35. Kxg4 Bf8 36. f5 gxf5+ 37. Kxf5 Bh6 38. Ke4 Kc7 39. h5 Kd7 40. Kf5 b5
41. axb5 a4 42. e6+ fxe6+ 43. dxe6+ Ke8 44. b6 {Black resigns} 1-0  aics%

[Event "Team 45 45 League T31"]
[Site "Internet Chess Club"]
[Date "2006.07.22"]
[Round "5"]
[White "Hastings"]
[Black "peterdiplaros"]
[Result "0-1"]
[WhiteElo "1288"]
[BlackElo "1471"]
[TimeControl "2700+45"]

1. e4 c5 2. Nc3 Nc6 3. f4 d6 4. Nf3 e6 5. b3 Qc7 6. Bb2 a6 7. Bd3 Nge7 8. O-O
Ng6 9. g3 h5 10. f5 Nge5 11. fxe6 Bxe6 12. Nd5 Qd8 13. Nxe5 Nxe5 14. Bxe5 dxe5
15. Qf3 Bxd5 16. exd5 Qd7 17. Rae1 f6 18. Bg6+ Kd8 19. c4 h4 20. gxh4 Rxh4 21.
Rxe5 Rg4+ 22. Kh1 Rxg6 23. Rh5 Kc7 24. Rh8 Rd8 25. Qf2 Bd6 26. Rh7 Qc8 27. Qh4
Qg4 28. Qxg4 Rxg4 29. Rxf6 Kb8 30. Rf7 Re8 31. Rf1 Re2 {White resigns} 0-1 
aics%

[Event "Team 45 45 League T31"]
[Site "Internet Chess Club"]
[Date "2006.07.24"]
[Round "5"]
[White "cazj"]
[Black "Tomate"]
[Result "0-1"]
[WhiteElo "1350"]
[BlackElo "1426"]
[TimeControl "2700+45"]

1. e4 c5 2. c3 Nf6 3. Qe2 d6 4. d4 cxd4 5. cxd4 Nc6 6. Nf3 e5 7. d5 Nb8 8. Bg5
Be7 9. Qd3 O-O 10. Be2 Re8 11. O-O Nbd7 12. Nh4 Nc5 13. Qe3 Nfxe4 14. Bxe7 Qxe7
15. Nf3 Nf6 16. Nc3 Bg4 17. b4 Ncd7 18. Rfe1 Nb6 19. Rad1 Nbd7 20. Ng5 Bxe2 21.
Rxe2 Nf8 22. f4 Ng6 23. g3 Qd7 24. Nce4 Nxe4 25. Nxe4 exf4 26. gxf4 Qg4+ 27. Kh1
Qd7 28. Rg1 f5 29. Nf6+ gxf6 30. Qf3 Rxe2 31. Qh5 Rae8 32. Rxg6+ hxg6 33. Qxg6+
Qg7 34. Qxg7+ Kxg7 35. h4 Rxa2 36. b5 Re1# {White checkmated} 0-1  aics%

[Event "Team 45 45 League T31"]
[Site "Internet Chess Club"]
[Date "2006.07.26"]
[Round "5"]
[White "Dalcon"]
[Black "markev"]
[Result "1-0"]
[WhiteElo "1371"]
[BlackElo "1280"]
[TimeControl "2700+45"]

1. e4 c5 2. Nf3 d6 3. d4 cxd4 4. Nxd4 Nf6 5. Nc3 a6 6. Bd3 g6 7. O-O Bg7 8. Nf3
O-O 9. Ne2 Nc6 10. c3 Bg4 11. Ned4 Nxd4 12. cxd4 Rc8 13. d5 e6 14. dxe6 Bxe6 15.
Bg5 Bc4 16. Bxc4 Rxc4 17. e5 dxe5 18. Nxe5 Rd4 19. Qc2 Qd5 20. Nf3 Rc4 21. Qb3
b5 22. Rad1 Qc6 23. Ne5 Qc5 24. Nxc4 bxc4 25. Qe3 Qc7 26. Bxf6 Bxf6 27. b3 c3
28. Qd3 a5 29. Qc4 Qb7 30. a4 Rc8 31. Qd5 Qb8 32. Qd6 Qxb3 33. Qxf6 Qb8 34. Rb1
Qa8 35. Rfc1 c2 36. Rb2 Qe4 37. Qa6 Ra8 38. Qf1 Rc8 39. h3 Qxa4 40. Qe2 Qa3 41.
Rcxc2 Qa1+ 42. Qf1 Qxf1+ 43. Kxf1 Rd8 44. Re2 a4 45. Ra2 Ra8 46. Ra3 Kg7 47.
Rea2 Rb8 48. g3 f5 49. Rxa4 Kh6 50. Kg2 Kg5 51. f4+ Kh6 52. g4 Rg8 53. g5+ Kh5
54. Ra8 Rg7 55. Rh8 Rd7 56. Re2 Kh4 57. Rhe8 Rd3 58. R2e3 Rd2+ 59. Re2 Rd4 60.
R8e7 Rxf4 61. Rxh7+ Kxg5 62. Kg3 Rc4 63. Kf3 Rc3+ 64. Re3 Rc4 65. Rhe7 Rh4 66.
Kg2 Rd4 67. Rg3+ Kf4 68. Rxg6 Rd2+ 69. Kf1 Kf3 70. h4 Rf2+ 71. Ke1 Rh2 72. Rh6
f4 73. h5 Kg3 74. Rg7+ Kh4 75. Rg1 f3 76. Kf1 Rf2+ 77. Kxf2 {Black resigns} 1-0 
aics%

[Event "Team 45 45 League T31"]
[Site "Internet Chess Club"]
[Date "2006.07.24"]
[Round "5"]
[White "Midwest-Rook"]
[Black "GLuft"]
[Result "0-1"]
[WhiteElo "1298"]
[BlackElo "1225"]
[TimeControl "2700+45"]

1. e4 e6 2. e5 d5 3. d4 c5 4. c3 Bd7 5. Nf3 Qb6 6. Be2 Nc6 7. O-O Nge7 8. b3 Nf5
9. Bd3 cxd4 10. Bxf5 exf5 11. cxd4 Be6 12. Nc3 Rc8 13. Na4 Qc7 14. Bf4 Ba3 15.
Bc1 Qe7 16. Bxa3 Qxa3 17. Qc1 Qxc1 18. Raxc1 b6 19. a3 h6 20. b4 Ne7 21. Nc3 a6
22. a4 g5 23. b5 a5 24. h3 f4 25. Nh2 h5 26. Ne2 Rc4 27. Rxc4 dxc4 28. f3 O-O
29. Nc3 Nf5 30. Rd1 Ne3 31. Rd2 Rd8 32. Ne4 Kg7 33. Nf1 Nf5 34. Nc3 Rxd4 35.
Rxd4 Nxd4 36. Nd2 g4 37. fxg4 hxg4 38. h4 Kg6 39. Nde4 Kh5 40. g3 fxg3 41. Nxg3+
Kxh4 42. Kg2 Nf3 43. Nce4 f5 44. Nc3 Nxe5 45. Nce2 Bd5+ 46. Kf2 Nd3+ 47. Kg1 Kg5
48. Nc3 Bf3 49. Kf1 Nc5 50. Kf2 f4 51. Nf1 Ne4+ 52. Nxe4+ Bxe4 53. Nd2 Bd5 54.
Nb1 g3+ 55. Kg1 f3 56. Nc3 Bb7 57. Nd1 Kf4 58. Nc3 Ke3 59. Nd1+ Kd2 60. Nf2
gxf2+ 61. Kf1 c3 62. Kxf2 c2 63. Kf1 c1=Q+ 64. Kf2 Qe1# {White checkmated} 0-1 
aics%

[Event "Team 45 45 League T31"]
[Site "Internet Chess Club"]
[Date "2006.07.24"]
[Round "5"]
[White "katabatico"]
[Black "rpgrossman"]
[Result "0-1"]
[WhiteElo "1198"]
[BlackElo "1107"]
[TimeControl "2700+45"]

1. e4 e5 2. d4 d5 3. Nc3 exd4 4. Nxd5 Nf6 5. Nxf6+ Qxf6 6. Nf3 Bc5 7. Bg5 Qb6 8.
Nxd4 Bxd4 9. c3 Bxf2+ 10. Ke2 Bg4+ 11. Kd2 Bxd1 {White resigns} 0-1  aics%

[Event "Team 45 45 League T31"]
[Site "Internet Chess Club"]
[Date "2006.07.23"]
[Round "5"]
[White "houseofcook"]
[Black "fuzzface"]
[Result "0-1"]
[WhiteElo "1362"]
[BlackElo "1357"]
[TimeControl "2700+45"]

1. e4 e5 2. f4 exf4 3. Nf3 d6 4. Bc4 Bg4 5. O-O Nf6 6. Nc3 Nbd7 7. d4 Be7 8.
Bxf7+ Kxf7 9. Ng5+ Kg8 10. Qxg4 Nxg4 {White resigns} 0-1  aics%

[Event "Team 45 45 League T31"]
[Site "Internet Chess Club"]
[Date "2006.07.23"]
[Round "5"]
[White "EyeAm"]
[Black "Fogbound"]
[Result "0-1"]
[WhiteElo "1278"]
[BlackElo "1277"]
[TimeControl "2700+45"]

1. e4 e5 2. Nf3 Nc6 3. Bc4 Nf6 4. Ng5 d5 5. exd5 Na5 6. Bb5+ c6 7. dxc6 bxc6 8.
Be2 h6 9. Nf3 Bd6 10. d3 O-O 11. O-O Re8 12. Nc3 Bc7 13. b4 Nb7 14. Bb2 a6 15.
Re1 Qe7 16. a3 Bg4 17. Ne4 Nxe4 18. dxe4 Rad8 19. Qc1 Qf6 20. Qe3 c5 21. Bxa6
Qxa6 22. bxc5 Qc6 23. Nxe5 Bxe5 24. Bxe5 Rxe5 25. Qf4 Qe6 26. f3 Bxf3 27. Qxf3
Nxc5 28. a4 Rd2 29. a5 Rxc2 30. Qa3 Rxg2+ 31. Kxg2 Rg5+ 32. Kh1 Qe5 33. Re2 Nd3
34. Rg1 Qxe4+ 35. Rgg2 Nf2+ {White forfeits on time} 0-1  aics%

[Event "Team 45 45 League T31"]
[Site "Internet Chess Club"]
[Date "2006.07.19"]
[Round "5"]
[White "DayDream01"]
[Black "WzeroMN"]
[Result "0-1"]
[WhiteElo "1104"]
[BlackElo "1206"]
[TimeControl "2700+45"]

1. d4 d5 2. c4 dxc4 3. Nc3 Nf6 4. e4 e6 5. Bxc4 Bb4 6. Qa4+ Nc6 7. Bd3 Qxd4 8.
a3 Bxc3+ 9. Bd2 Bxd2+ 10. Kxd2 Qxa4 {White resigns} 0-1  aics%

[Event "Team 45 45 League T31"]
[Site "Internet Chess Club"]
[Date "2006.07.24"]
[Round "5"]
[White "jayes"]
[Black "martineden"]
[Result "1-0"]
[WhiteElo "1955"]
[BlackElo "1974"]
[TimeControl "2700+45"]

1. e4 e5 2. Nf3 Nc6 3. Bb5 a6 4. Ba4 Bc5 5. c3 b5 6. Bc2 d6 7. d4 Ba7 8. dxe5
Nxe5 9. Nxe5 dxe5 10. Qxd8+ Kxd8 11. Bb3 Ke7 12. a4 Bb7 13. f3 Nf6 14. Ke2 c5
15. axb5 axb5 16. Be3 Bb6 17. Na3 Bc6 18. c4 b4 19. Nc2 Nd7 20. Rhd1 Rxa1 21.
Rxa1 Ra8 22. Rxa8 Bxa8 23. Ba4 Bb7 24. Bxd7 Kxd7 25. Nxb4 cxb4 26. Bxb6 Kd6 27.
Kd3 Ba6 28. g3 g6 29. f4 exf4 30. gxf4 Kc6 31. Bd8 {Black resigns} 1-0  aics%

[Event "Team 45 45 League T31"]
[Site "Internet Chess Club"]
[Date "2006.07.24"]
[Round "5"]
[White "Budzo"]
[Black "JohnnySP"]
[Result "1/2-1/2"]
[WhiteElo "1781"]
[BlackElo "1829"]
[TimeControl "2700+45"]

1. Nf3 d5 2. d4 Nf6 3. c4 g6 4. Nc3 Bg7 5. Qb3 dxc4 6. Qxc4 O-O 7. e4 Na6 8. Be2
c5 9. d5 e6 10. O-O exd5 11. exd5 Bf5 12. Be3 Rc8 13. Rad1 Nb4 14. a3 Nc2 15.
Bd3 Nxe3 16. fxe3 Bxd3 17. Qxd3 Ng4 18. h3 Ne5 19. Nxe5 Bxe5 20. Qd2 Qg5 21. Qf2
Rcd8 22. Ne4 Qe7 23. Nc3 Rd7 {Game drawn by mutual agreement} 1/2-1/2  aics%

[Event "Team 45 45 League T31"]
[Site "Internet Chess Club"]
[Date "2006.07.21"]
[Round "5"]
[White "mickeys"]
[Black "Ulrika"]
[Result "1-0"]
[WhiteElo "1715"]
[BlackElo "1532"]
[TimeControl "2700+45"]

1. d4 Nf6 2. c4 e6 3. Nf3 c5 4. d5 exd5 5. cxd5 d6 6. Nc3 Bg4 7. Nd2 a6 8. f3
Bh5 9. a4 Nbd7 10. e4 Ng8 11. Be2 Ne7 12. g4 Bg6 13. Nc4 Nc8 14. h4 h6 15. Bf4
Ndb6 16. Ne3 Be7 17. Bg3 Bf6 18. Qd2 Bd4 19. Nc2 Be5 20. Kf2 Qf6 21. Bxe5 dxe5
22. a5 Nd7 23. g5 Qd6 24. Ne3 h5 25. Nc4 Qe7 26. f4 f6 27. f5 Bf7 28. g6 Bg8 29.
Qd1 Qd8 30. Bd3 b5 31. axb6 Ncxb6 32. Na5 Qc7 33. Nc6 Nb8 34. Nb5 Qd8 {Black
resigns} 1-0  aics%

[Event "Team 45 45 League T31"]
[Site "Internet Chess Club"]
[Date "2006.07.22"]
[Round "5"]
[White "Spady"]
[Black "pokerram"]
[Result "1-0"]
[WhiteElo "1712"]
[BlackElo "1651"]
[TimeControl "2700+45"]

1. e4 c5 2. Nf3 d6 3. d4 cxd4 4. Nxd4 Nf6 5. Nc3 a6 6. f3 e5 7. Nb3 Be6 8. Be3
Be7 9. Qd2 O-O 10. O-O-O Nbd7 11. g4 b5 12. g5 b4 13. Nd5 Nxd5 14. exd5 Bf5 15.
h4 a5 16. Bd3 Bxd3 17. Qxd3 a4 18. Nd2 Nc5 19. Bxc5 dxc5 20. Nc4 Bd6 21. Rdg1
Qb8 22. h5 b3 23. a3 bxc2 24. g6 f5 25. h6 e4 26. gxh7+ Kxh7 27. Nxd6 g6 28. Qc3
Ra7 29. Nc4 exf3 30. Qxf3 Re8 31. Re1 Rxe1+ 32. Rxe1 Kxh6 33. Rh1+ Kg7 34. Qc3+
{Black resigns} 1-0  aics%

[Event "Team 45 45 League T31"]
[Site "Internet Chess Club"]
[Date "2006.07.23"]
[Round "5"]
[White "Zornorph"]
[Black "fmvgvg"]
[Result "0-1"]
[WhiteElo "1887"]
[BlackElo "2015"]
[TimeControl "2700+45"]

1. e4 c6 2. d4 d5 3. exd5 cxd5 4. c4 Nf6 5. Nc3 g6 6. cxd5 Nxd5 7. Qb3 Nb6 8. d5
Bg7 9. Be3 O-O 10. Rd1 Bd7 11. h3 Qc7 12. Nf3 Bxc3+ 13. Qxc3 Qxc3+ 14. bxc3 Rc8
15. d6 exd6 16. Kd2 Nd5 17. c4 Nxe3 18. Kxe3 Re8+ 19. Kf4 Re6 20. Ng5 Rf6+ 21.
Kg3 Ba4 22. Rd2 Na6 23. Be2 Nc5 24. Bf3 Re8 25. Rd4 Bc6 26. Rhd1 Rf5 27. h4 h6
28. Nh3 Bxf3 29. gxf3 Re2 30. R1d2 Rxd2 31. Rxd2 Rf6 32. Nf4 Kf8 33. Nd5 Re6 34.
Nc7 Re4 35. Rc2 Rd4 36. Nb5 Rd3 37. Nxa7 Ne4+ 38. Kg2 Rd2 39. Rc1 Rxf2+ 40. Kg1
Rxf3 41. Rb1 Rg3+ 42. Kh2 Rg4 43. Kh3 Nf2+ 44. Kh2 Rxc4 45. Rxb7 Ra4 46. Nc8
Rxa2 47. Kg3 Ne4+ 48. Kf3 f5 49. Ne7 Rf2+ 50. Ke3 Rg2 51. h5 gxh5 52. Nxf5 d5
53. Kd4 Rd2+ 54. Ke5 Ng5 55. Nxh6 h4 56. Rb8+ Ke7 57. Nf5+ Kd7 58. Nxh4 Nf7+ 59.
Kf4 Rd4+ 60. Kg3 Ne5 61. Ng2 Rg4+ 62. Kf2 d4 63. Ne1 Kd6 64. Rb5 Rg5 65. Ke2 Rg3
66. Kd2 Rh3 67. Nc2 Nc4+ 68. Ke1 d3 {White resigns} 0-1  aics%

[Event "Team 45 45 League T31"]
[Site "Internet Chess Club"]
[Date "2006.07.22"]
[Round "5"]
[White "chipionero"]
[Black "Katzie"]
[Result "1-0"]
[WhiteElo "1743"]
[BlackElo "1761"]
[TimeControl "2700+45"]

1. d4 Nf6 2. c4 c5 3. d5 e6 4. Nc3 exd5 5. cxd5 d6 6. e4 Nbd7 7. Nf3 Ne5 8. Nxe5
dxe5 9. Be2 Bd6 10. Bg5 Bd7 11. O-O Qc7 12. Nb5 Qb8 13. Nxd6+ Qxd6 14. f3 h6 15.
Be3 O-O 16. Rc1 Rac8 17. Qd2 a6 18. a3 b5 19. b4 c4 20. Bc5 Rxc5 21. bxc5 Qxc5+
22. Kh1 Qxa3 23. Ra1 Qd6 24. Rfb1 Qb6 25. Bxc4 Rc8 26. Bd3 Rc7 27. Qa5 Qxa5 28.
Rxa5 Bc8 29. Kg1 Nd7 30. Ra2 Nc5 31. Rc2 Bb7 32. Bxb5 axb5 33. Rxb5 Na6 34. Rxc7
Nxc7 35. Rxb7 {Black resigns} 1-0  aics%

[Event "Team 45 45 League T31"]
[Site "Internet Chess Club"]
[Date "2006.07.23"]
[Round "5"]
[White "kabindra"]
[Black "egd01"]
[Result "1-0"]
[WhiteElo "1849"]
[BlackElo "1598"]
[TimeControl "2700+45"]

1. e4 c5 2. d4 cxd4 3. c3 d5 4. exd5 Qxd5 5. cxd4 Nc6 6. Nf3 Bg4 7. Nc3 Qd7 8.
d5 Bxf3 9. gxf3 e6 10. dxc6 Qxd1+ 11. Nxd1 bxc6 12. Nc3 Bb4 13. Bd2 Nf6 14. Bg2
Rd8 15. f4 Nd5 16. Bxd5 cxd5 17. O-O-O O-O 18. Rhg1 Rc8 19. Kb1 g6 20. h4 Bxc3
21. Bxc3 Rc4 22. Rd4 Rfc8 23. Rxc4 Rxc4 24. Be5 Kf8 25. Rc1 Rxc1+ 26. Kxc1 Ke7
27. b4 Kd7 28. b5 Kc8 29. a4 Kb7 30. Bd4 a6 31. b6 f6 32. Kc2 e5 33. fxe5 fxe5
34. Bxe5 Kxb6 35. Kb3 Kc5 36. a5 d4 37. Bc7 Kd5 38. f3 Kc6 39. Bb6 Kd5 40. Bd8
Ke5 41. Kc4 Kf4 42. Kxd4 Kxf3 43. Kc5 Kg4 44. Kb6 h6 45. Kxa6 {Black resigns}
1-0  aics%

[Event "Team 45 45 League T31"]
[Site "Internet Chess Club"]
[Date "2006.07.24"]
[Round "5"]
[White "arriero55"]
[Black "Two-DogMan"]
[Result "1-0"]
[WhiteElo "1592"]
[BlackElo "1514"]
[TimeControl "2700+45"]

1. e4 e5 2. Nf3 d6 3. d4 exd4 4. Nxd4 Bd7 5. Nc3 c6 6. Be3 Be7 7. Qd2 Nf6 8. f3
h6 9. O-O-O O-O 10. g4 Nh7 11. h3 c5 12. Nb3 Be6 13. Nd5 Nc6 14. Nxe7+ Qxe7 15.
h4 f6 16. Be2 Ne5 17. Qc3 b6 18. Kb1 a5 19. Nd2 Kh8 20. Nc4 Rab8 21. Nxd6 Rbd8
22. Nc4 Rxd1+ 23. Rxd1 Bxc4 24. Bxc4 Nxc4 25. Qxc4 Ra8 26. Qd5 Rc8 27. Qd7 Qxd7
28. Rxd7 b5 29. Rd5 Nf8 30. Rxc5 Rxc5 31. Bxc5 Ne6 32. Be3 Kg8 33. Kc1 Kf7 34.
b3 g6 35. a3 h5 36. Kd2 g5 37. Bf2 Kg6 38. gxh5+ Kxh5 39. hxg5 Kxg5 40. Ke3 Kg6
41. a4 bxa4 42. bxa4 Nc5 43. Be1 Nxa4 44. Bxa5 Nb2 45. Kd4 Kg5 46. c4 Kf4 47. c5
{Black resigns} 1-0  aics%

[Event "Team 45 45 League T31"]
[Site "Internet Chess Club"]
[Date "2006.07.22"]
[Round "5"]
[White "frenchmen"]
[Black "Just-Jim"]
[Result "1-0"]
[WhiteElo "1473"]
[BlackElo "1370"]
[TimeControl "2700+45"]

1. d4 d5 2. Bg5 Bf5 3. e3 f6 4. Bf4 e6 5. Nd2 Bb4 6. c3 Ba5 7. b4 Bb6 8. a4 a6
9. a5 Ba7 10. Ne2 Ne7 11. c4 Nbc6 12. Rb1 Bxb1 13. Qxb1 dxc4 14. Nxc4 Nd5 15. b5
Nce7 16. b6 Nxf4 17. bxa7 Nxe2 18. Bxe2 Rxa7 19. Qe4 Qd5 20. Qg4 O-O 21. O-O Nc6
22. e4 Qd7 23. d5 f5 24. dxe6 Qxe6 25. exf5 Rxf5 26. Ne3 Ne5 27. Qxf5 Qxf5 28.
Nxf5 Ra8 29. f4 Nc6 30. Bc4+ Kf8 31. Ra1 Re8 32. g4 Re4 33. Bd5 Rxf4 34. Bxc6
bxc6 35. h3 Rf3 36. Kg2 Rc3 37. Rf1 Kf7 38. Ng3+ Kg6 39. h4 h6 40. h5+ Kh7 41.
Rf7 Rc5 42. Nf5 Rc4 43. Rxg7+ Kh8 44. Rg6 Kh7 45. Rxh6+ Kg8 46. Rg6+ Kh7 47.
Rh6+ Kg8 48. Rxc6 Rxg4+ 49. Kf3 Rg5 50. Rg6+ Rxg6 51. hxg6 Kf8 52. Kf4 Kg8 53.
Ke5 Kf8 54. Ke6 Kg8 55. g7 c5 56. Ne7+ Kxg7 57. Nd5 c4 58. Kd6 Kf7 59. Kc5 Ke6
60. Nc7+ Ke5 61. Kxc4 Kd6 62. Nxa6 Kc6 63. Kb4 Kb7 64. Kb5 Ka7 65. Nc5 {Black
resigns} 1-0  aics%

[Event "Team 45 45 League T31"]
[Site "Internet Chess Club"]
[Date "2006.07.22"]
[Round "5"]
[White "SeanT"]
[Black "shorkiii"]
[Result "0-1"]
[WhiteElo "1376"]
[BlackElo "1289"]
[TimeControl "2700+45"]

1. d4 Nf6 2. Nc3 d5 3. Bf4 Nc6 4. Nf3 Bg4 5. Nb5 Kd7 6. Bxc7 Qc8 7. Bf4 e6 8.
Nc7 Rb8 9. Nb5 Ra8 10. Ne5+ Nxe5 11. Bxe5 Ne8 12. c3 Nd6 13. Qa4 Qc4 14. Nxd6+
Qxa4 15. b3 Qc6 16. Rc1 Bxd6 17. Bxg7 Rhg8 18. Bh6 Rg6 19. Be3 Rgg8 20. Bd2 Ke7
21. a4 b5 22. a5 a6 23. b4 e5 24. f3 Be6 25. h4 exd4 26. Bg5+ Ke8 27. Kf2 dxc3
28. e3 Bxb4 29. Bd3 f5 {White resigns} 0-1  aics%

[Event "Team 45 45 League T31"]
[Site "Internet Chess Club"]
[Date "2006.07.21"]
[Round "5"]
[White "Bakudan"]
[Black "slakkjaw"]
[Result "1-0"]
[WhiteElo "1234"]
[BlackElo "1212"]
[TimeControl "2700+45"]

1. c4 e5 2. Nc3 Nf6 3. g3 d5 4. cxd5 Nxd5 5. Bg2 Be6 6. Qb3 Nb6 7. Qb5+ Qd7 8.
Qxe5 f6 9. Qf4 Bd6 10. Qh4 Nc6 11. Nf3 O-O-O 12. O-O Be7 13. d3 g5 14. Qh5 Bd6
15. Ne4 g4 16. Nxd6+ cxd6 17. Nd2 h6 18. b3 Ne7 19. Bb2 Ned5 20. Rfc1+ Kb8 21.
Ne4 Bf7 22. Qh4 Qe6 23. Kf1 Qf5 24. Nxf6 Ne3+ 25. Kg1 Rhf8 26. fxe3 Nd5 27. Nxd5
Bxd5 28. Bxd5 Qxd5 29. Rf1 Rfe8 30. Bf6 Rd7 31. Qxg4 Rf7 32. Qg6 Rxe3 33. Bd4
Qxd4 34. Qxf7 Rxg3+ 35. Kh1 a6 36. Rac1 Qb2 37. hxg3 Qxe2 38. Qf8+ Ka7 39. Rfe1
Qh5+ 40. Kg2 Qd5+ 41. Qf3 Qg8 42. Rc7 Qb8 43. Ree7 Ka8 44. Qxb7+ {Black resigns}
1-0  aics%

[Event "Team 45 45 League T31"]
[Site "Internet Chess Club"]
[Date "2006.07.24"]
[Round "5"]
[White "wellfred"]
[Black "furrbrain"]
[Result "1-0"]
[WhiteElo "1164"]
[BlackElo "1152"]
[TimeControl "2700+45"]

1. e4 e5 2. Nf3 Nc6 3. d4 d6 4. Nc3 Nf6 5. Bb5 a6 6. Bxc6+ bxc6 7. dxe5 Nd7 8.
Bg5 Be7 9. Bxe7 Qxe7 10. exd6 cxd6 11. O-O O-O 12. Re1 Nc5 13. h3 Qb7 14. b3 Qb4
15. Qd2 Re8 16. Na4 Qb5 17. Nxc5 Qxc5 18. e5 dxe5 19. Nxe5 Qe7 20. Nxc6 Qf8 21.
Rxe8 Qxe8 22. Re1 Qf8 23. Ne7+ Kh8 24. Nc6 Bb7 25. Na5 Rd8 26. Qc1 Ba8 27. Nc4
Qc5 28. Ne5 Qd5 29. f3 f6 30. Nc4 Qf7 31. Qe3 Bc6 32. Qe7 Qg6 33. Qxd8+ {Black
resigns} 1-0  aics%

[Event "Team 45 45 League T31"]
[Site "Internet Chess Club"]
[Date "2006.07.19"]
[Round "5"]
[White "Traho"]
[Black "curtintime"]
[Result "0-1"]
[WhiteElo "1303"]
[BlackElo "1356"]
[TimeControl "2700+45"]

1. e4 e5 2. Nf3 Nc6 3. Bb5 a6 4. Ba4 Nf6 5. O-O b5 6. Bb3 Nxe4 7. Re1 d5 8. d4
exd4 9. Nxd4 Nxd4 10. Qxd4 Be6 11. Be3 c5 12. Qd1 c4 13. f3 Nf6 14. Bd4 Bd6 15.
Ba4 O-O 16. Nc3 Bb4 17. a3 Bxc3 18. Bxc3 bxa4 19. Bb4 Re8 20. c3 Nh5 21. Qxa4
Nf4 22. Qa5 Qg5 23. Kf2 Qxg2+ 24. Ke3 Qg5 25. Qc5 Nd3+ {White resigns} 0-1 
aics%

[Event "Team 45 45 League T31"]
[Site "Internet Chess Club"]
[Date "2006.07.19"]
[Round "5"]
[White "JustinZ"]
[Black "Toalla"]
[Result "0-1"]
[WhiteElo "1283"]
[BlackElo "1390"]
[TimeControl "2700+45"]

1. e4 c5 2. d4 e6 3. e5 a6 4. Nf3 Nc6 5. Bd3 cxd4 6. c3 Qa5 7. O-O Nxe5 8. Ng5
dxc3 9. Nxc3 Nf6 10. Nce4 Nxe4 11. Bxe4 g6 12. Bd2 Qb6 13. Bc3 Bg7 14. Rc1 O-O
15. h4 h6 16. Nf3 Nxf3+ 17. Qxf3 Bxc3 18. Qxc3 d5 19. Bc2 Bd7 20. Qg3 Qxb2 21.
h5 g5 22. f4 Qd4+ 23. Kh1 Qg7 24. fxg5 Qxg5 25. Qd3 Qxh5+ 26. Kg1 f5 27. Rf3 Kh7
28. Rh3 Qg5 29. Rf1 Rg8 30. Qe2 Bb5 31. Bd3 Bxd3 32. Qxd3 Qxg2# {White
checkmated} 0-1  aics%

[Event "Team 45 45 League T31"]
[Site "Internet Chess Club"]
[Date "2006.07.22"]
[Round "5"]
[White "fabill"]
[Black "Gomer"]
[Result "0-1"]
[WhiteElo "1193"]
[BlackElo "1361"]
[TimeControl "2700+45"]

1. e3 e5 2. Nc3 d5 3. d4 e4 4. Nge2 Bb4 5. Bd2 Nc6 6. Nf4 Nf6 7. Bb5 O-O 8. Ba4
Na5 9. a3 Bxc3 10. Bxc3 Nc6 11. Bb5 Bf5 12. Be2 Qd7 13. h3 Ne7 14. g4 Be6 15.
Nxe6 Qxe6 16. Bb4 Rfe8 17. g5 Nd7 18. Bg4 Qc6 19. Qe2 Nb6 20. b3 f6 21. gxf6
Qxf6 22. O-O-O Nc6 23. Bc3 Rf8 24. Rhf1 Qd6 25. Bb2 Na5 26. f3 c5 27. dxc5 Qxc5
28. Qd2 Nxb3+ 29. Kb1 Nxd2+ 30. Rxd2 Nc4 31. Bd4 Nxa3+ 32. Kc1 Qb4 33. Kd1 Nc4
34. Re2 Qb1# {White checkmated} 0-1  aics%